 Dungeon Crawl Stone Soup version 0.29.1 (webtiles) character file.

Game seed: 1802623677130867958

371 funkygono the Firebug (level 6, -1/34 HPs)
             Began as a Gargoyle Fire Elementalist on Sept 12, 2022.
             Slain by a black bear (2 damage)
             ... on level 4 of the Dungeon.
             The game lasted 00:06:53 (4981 turns).

funkygono the Firebug (Gargoyle Fire Elementalist)  Turns: 4981, Time: 00:06:53

Health: -1/34      AC:  6    Str: 12    XL:     6   Next: 70%
Magic:  1/11       EV: 12    Int: 17    God:
Gold:   154        SH:  0    Dex: 10    Spells: 2/12 levels left

rFire   . . .      SeeInvis .   m - +0 whip
rCold   . . .      Faith    .   (no shield)
rNeg    + . .      Spirit   .   a - +0 robe
rPois   ∞          Reflect  .   (no helmet)
rElec   +          Harm     .   (no cloak)
rCorr   .          Rampage  .   (no gloves)
Will    .....                   (no boots)
Stlth   ++........              (no amulet)
HPRegen 0.11/turn               (no ring)
MPRegen 0.12/turn               (no ring)

@: hasted, very quick
A: sickness immunity, AC +4, negative energy resistance 1, electricity
resistance, torment resistance 1, petrification resistance
a: no special abilities


You were on level 4 of the Dungeon.
You visited 1 branch of the dungeon, and saw 4 of its levels.
You also visited: Sewer.

You collected 154 gold pieces.

Inventory:

Hand Weapons
 h - a +0 whip
 m - a +0 whip (weapon)
Missiles
 n - a throwing net
Armour
 a - a +0 robe (worn)
Wands
 p - a wand of acid (3)
Scrolls
 d - a scroll of teleportation {unknown}
 e - 4 scrolls of enchant armour {unknown}
 f - 2 scrolls of immolation {unknown}
 i - 3 scrolls of butterflies {unknown}
 j - 4 scrolls of noise
 o - a scroll of poison {unknown}
Potions
 b - a potion of magic
 g - a potion of attraction
 k - 3 potions of flight
 l - a potion of brilliance {unknown}


   Skills:
 + Level 1.1 Fighting
 + Level 1.6 Maces & Flails
 + Level 2.0 Dodging
 - Level 2.1 Stealth
 + Level 3.8 Spellcasting
 + Level 3.1 Conjurations
 + Level 4.8 Fire Magic


You had 2 spell levels left.
You knew the following spells:

 Your Spells              Type           Power      Damage    Failure   Level
a - Foxfire               Conj/Fire      64%        2x1d7     3%          1
b - Scorch                Fire           38%        2d6       3%          2
c - Conjure Flame         Conj/Fire      16%        6-21      10%         3
d - Flame Wave            Conj/Fire      16%        2d7       30%         4

Your spell library contained the following spells:

 Spells                   Type           Power      Damage    Failure   Level
 Inner Flame              Hex/Fire       11%        N/A       19%         3


Dungeon Overview and Level Annotations

Branches:
Dungeon (4/15)              Sewer (visited)
 Temple: D:4-7

Altars:


Innate Abilities, Weirdness & Mutations

You are immune to sickness and miasma.
Your stone body is resilient. (AC +4)
You are immune to poison.
You resist negative energy. (rN+)
You are resistant to electric shocks. (rElec)
You are resistant to unholy torment.
You are immune to petrification.


Message History

Confirm with . or Enter, or press ? or * to list all spells.
Flames lash the hobgoblin.
You kill the hobgoblin!
The black bear bites you. The black bear barely misses you.
The black bear claws you.
Unknown command.
The black bear attacks as you move away!
The black bear bites you but does no damage.
The black bear claws you.
The black bear claws you but does no damage.
The black bear attacks as you move away!
The black bear bites you but does no damage.
The black bear claws you. The black bear barely misses you.
The black bear attacks as you move away!
The black bear bites you. The black bear closely misses you.
The black bear claws you.
The black bear attacks as you move away!
The black bear closely misses you. The black bear claws you.
The black bear misses you.
You see here a +0 club.
Casting: Scorch (safe; 3% risk of failure)
Confirm with . or Enter, or press ? or * to list all spells.
Flames lash the black bear.
The black bear is severely wounded.
The black bear's fire resistance burns away.
The black bear closely misses you.
The black bear claws you but does no damage.
The black bear claws you.
* * * LOW HITPOINT WARNING * * *
The black bear attacks as you move away!
The black bear bites you!
* * * LOW HITPOINT WARNING * * *
The black bear barely misses you. The black bear misses you.
The black bear goes berserk!
You see here a +0 spear.
Okay, then.
It was a potion of haste.
You feel yourself speed up.
The black bear is no longer more vulnerable to fire.
The black bear bites you.
You die...

####.. #......
...... ####### #
# ###### #.....
#)####
################
#)#
#.........)h@).#
#.#
#.############.#
#.# #.#
#.#########.#
#.#
#........)..#
#.#
#############
#####.# .....>#
#######


You could see a black bear (berserk).

Vanquished Creatures
  A gnoll bouda (D:4)
  A hound (D:4)
  9 gnolls
  8 adders
  5 river rats
  4 worms
  3 dart slugs
  An orc (D:4)
  14 bats
  5 endoplasms
  5 giant cockroaches
  2 hobgoblins
  4 jackals (Sewer)
  7 quokkas
  8 ball pythons
  5 frilled lizards
  6 goblins
  8 kobolds
  5 rats
101 creatures vanquished.

Vanquished Creatures (others)
  292 foxfires
292 creatures vanquished.

Grand Total: 393 creatures vanquished

Notes
Turn   | Place    | Note
-------+----------+-------------------------------------------
     0 | D:1      | funkygono the Gargoyle Fire Elementalist began the quest
                  | for the Orb.
     0 | D:1      | Reached XP level 1. HP: 10/10 MP: 3/3
   287 | D:1      | Reached XP level 2. HP: 14/15 MP: 0/5
   292 | D:1      | Learned a level 2 spell: Scorch
   970 | D:2      | Reached XP level 3. HP: 13/19 MP: 3/6
   974 | D:2      | Learned a level 3 spell: Conjure Flame
  1713 | D:3      | Found a glowing drain.
  1744 | D:3      | Reached XP level 4. HP: 16/24 MP: 1/7
  1925 | Sewer    | Entered a sewer
  1970 | Sewer    | Reached skill level 1 in Maces & Flails
  2362 | Sewer    | Reached XP level 5. HP: 21/28 MP: 2/9
  2527 | Sewer    | Reached skill level 4 in Fire Magic
  2880 | Sewer    | Reached skill level 1 in Fighting
  3659 | D:3      | Reached XP level 6. HP: 26/34 MP: 0/11
  4369 | D:4      | Learned a level 4 spell: Flame Wave
  4939 | D:4      | Noticed a black bear
  4979 | D:4      | HP: 1/34 [black bear (7)]
  4981 | D:4      | Slain by a black bear

Illustrated notes

Levels and vault maps discovered:
D:1:      erik_arrival_blinker_ship, layout_basic
D:2:      layout_basic, hangedman_decor_riveting, item_on_display_a
D:3:      layout_loops_ring, portal_sewer_entry_b, minmay_misc_feat_diagonals,
          serial_bayou_pond_d
D:4:      layout_loops_ring, minmay_temple_entry_poolview, minivault_26,
          uniq_edmund, uniq_menkaure

Skill      XL: |  1  2  3  4  5  6 |
---------------+-------------------+-----
Maces & Flails | 1 |  1.6
Conjurations   | 2 3 |  3.1
Spellcasting   | 3 |  3.8
Fire Magic     | 4 |  4.8
Fighting       | 1 |  1.1
Dodging        | 2 |  2.0
Stealth        | |  2.1

Action                   |  1- 3 |  4- 6 || total
-------------------------+-------+-------++-------
Melee: Whip              |    12 |    49 ||    61
 Cast: Foxfire           |    52 |   114 ||   166
       Scorch            |     3 |    22 ||    25
       Conjure Flame     |       |     1 ||     1
  Use: Scroll            |     2 |       ||     2
       Potion            |       |     4 ||     4
Armor: Robe              |    17 |    29 ||    46
Dodge: Dodged            |    20 |    84 ||   104
